Cogmind - Beta 15 @@@ ROGUE MODE // 2025.10.10 @ 23:17:32 Player: NQH Result: Destroyed by G-34 Mercenary with Small Laser Performance ------------- Evolutions (0) 0 Regions Visited (1) 200 Robots Destroyed (32) 160 Value Destroyed (607) 607 Prototype IDs (0) 0 Alien Tech Used (0) 0 Bonus (0) 0 TOTAL SCORE: 967 Bonus ------- None Cogmind --------- Core Integrity 0/250 Matter 291/300 Energy 118/125 System Corruption 0% Temperature Cool (21) Movement Core (800) Ox15 Location -10/Materials Parts ------- > --- POWER (1) -------- Light Ion Engine > --- PROPULSION (2) --- (None) > --- UTILITY (2) ------ High-capacity Storage Unit Propulsion Shielding > --- WEAPON (2) ------- Light Assault Rifle Light Assault Rifle > --- INVENTORY (20) --- Ion Engine Ion Engine Ion Engine Wheel Heat Sink Small Storage Unit High-capacity Storage Unit High-capacity Matter Pod (200) High-capacity Matter Pod (200) High-capacity Matter Pod (200) High-capacity Matter Pod (5) High-capacity Matter Pod (0) High-capacity Matter Pod (0) High-capacity Matter Pod (0) High-capacity Matter Pod (0) High-capacity Matter Pod (0) Grenade Launcher Datajack Hammer Peak State ------------ > --- POWER ------------ Ion Engine > --- PROPULSION ------- Compact Wheel Compact Wheel > --- UTILITY ---------- High-capacity Storage Unit Propulsion Shielding > --- WEAPON ----------- Light Assault Rifle Light Assault Rifle > --- INVENTORY -------- Ion Engine Ion Engine Wheel Wheel Heat Sink Small Storage Unit High-capacity Storage Unit High-capacity Matter Pod High-capacity Matter Pod High-capacity Matter Pod High-capacity Matter Pod High-capacity Matter Pod High-capacity Matter Pod High-capacity Matter Pod High-capacity Matter Pod High-capacity Matter Pod Small Laser Small Laser Grenade Launcher Datajack [Rating: 9] Favorites ----------- Power Ion Engine Engine Ion Engine Propulsion Compact Wheel Treads Light Treads Wheel Compact Wheel Utility Propulsion Shielding Storage High-capacity Storage Unit Protection Propulsion Shielding Weapon Light Assault Rifle Energy Gun Small Laser Ballistic Gun Light Assault Rifle Launcher Grenade Launcher Impact Weapon Hammer Special Melee Weapon Datajack Build | -11 -10 ------- Run | Yrd Mat Slots Evolved . | . . Power . | . . Propulsion . | . . Utility . | . . Weapon . | . . Parts Attached 20 | 6 14 Power 3 | 1 2 Engine 3 | 1 2 Core . | . . Reactor . | . . Propulsion 6 | 4 2 Treads 2 | 2 . Leg . | . . Wheel 4 | 2 2 Hover . | . . Flight . | . . Utility 3 | 1 2 Device . | . . Storage 2 | 1 1 Processor . | . . Hackware . | . . Protection 1 | . 1 Artifact . | . . Weapon 8 | . 8 Energy Gun 3 | . 3 Energy Cannon . | . . Ballistic Gun 2 | . 2 Ballistic Cannon . | . . Launcher 1 | . 1 Special Weapon . | . . Impact Weapon 1 | . 1 Slashing Weapon . | . . Piercing Weapon . | . . Special Melee Weapon 1 | . 1 Unidentified Prototypes . | . . Parts Lost 4 | . 4 Power 1 | . 1 Propulsion 3 | . 3 Utility . | . . Weapon . | . . Highest Loss Streak 3 | . 3 To Critical Strikes . | . . Average Backups 12 | . 14 Power 1 | . 2 Propulsion . | . 1 Utility 8 | . 9 Weapon 1 | . 1 Tool/Special . | . . Unused Backups 14 | . 14 Power 2 | . 2 Propulsion 1 | . 1 Utility 11 | . 11 Weapon . | . . Tool/Special . | . . Average Slot Usage (%) 94 | . 94 Engine 13 | . 13 Wheel 27 | . 27 Storage 14 | . 14 Protection 13 | . 13 Energy Gun 8 | . 8 Ballistic Gun 13 | . 13 Peak Build Rating 9 | 4 9 Average Rating 6 | 3 7 On Entrance 2 | . 4 Naked Turns . | . . Heaviest Build 48 | 10 48 Greatest Support 40 | 40 32 Greatest Overweight (x) 4 | 3 4 Average Overweight (x) . | . . Largest Inventory Capacity 20 | 8 20 Average Capacity 16 | 7 17 Most Carried 20 | 2 20 Average Carried 12 | . 14 Final Capacity 20 | 8 20 Final Carried 19 | 1 19 Class Distribution -------------------- 85% | Mutant 14% | Scavenger-Mutant Dominant Class ---------------- Mutant | -10/Materials Resources | -11 -10 ----------- Run | Yrd Mat Matter Collected 1138 | 199 939 Remotely . | . . Salvage Created 1020 | . 1020 Parts 58 | . 58 Haulers Intercepted 1 | . 1 Recyclers Shooed 3 | . 3 Parts Field Recycled . | . . Retrieved Matter . | . . Parts Self-Destructed . | . . Prevented . | . . Kills | -11 -10 ------- Run | Yrd Mat Combat Hostiles Destroyed 19 | . 19 Guns 8 | . 8 AOE 10 | . 10 Classes Destroyed 7 | . 7 Worker 2 | . 2 Builder 2 | . 2 Hauler 1 | . 1 Recycler 6 | . 6 Watcher 2 | . 2 Swarmer 6 | . 6 Grunt 13 | . 13 Best Kill Streak 11 | . 11 Combat Bots Only 6 | . 6 Max Kills in Single Turn 4 | . 4 Gunslinging . | . . Exploded 2 | . 2 Melee . | . . Uniques/NPCs Destroyed . | . . Combat | -11 -10 -------- Run | Yrd Mat Hostile Shots Fired 91 | . 91 Missed 32 | . 32 Hits 59 | . 59 Projectile 59 | . 59 Damage Taken 736 | . 736 Core 258 | . 258 Absorbed by Shields . | . . Redirected to Shielding 46 | . 46 Core Remaining (%) 100 | 100 . Volleys Fired 47 | . 47 Largest 2 | . 2 Hottest 80 | . 80 Shots Fired 86 | . 86 Gun 78 | . 78 Cannon . | . . Launcher 8 | . 8 Special . | . . Kinetic 42 | . 42 Thermal 36 | . 36 Explosive 8 | . 8 Electromagnetic . | . . Robot Hit Streak 8 | . 8 Robot Miss Streak 2 | . 2 Penetration Max . | . . Secondary Targets . | . . Shots Hit Robots 63 | . 63 Core Hits 53 | . 53 Critical Kills . | . . Critical Parts Destroyed 1 | . 1 Critical Strikes 1 | . 1 Smash 1 | . 1 Melee Attacks 7 | . 7 Impact 6 | . 6 Slashing . | . . Piercing . | . . Sneak Attacks 1 | . 1 Combat Hostiles . | . . Follow-up Attacks . | . . Damage Inflicted 1757 | . 1757 Guns 507 | . 507 Cannons . | . . Explosions 1091 | . 1091 Melee 159 | . 159 Ramming . | . . Kinetic 225 | . 225 Thermal 282 | . 282 Explosive 1091 | . 1091 Electromagnetic . | . . Impact 159 | . 159 Slashing . | . . Piercing . | . . Highest Corruption . | . . Average Corruption . | . . Corruption Purged . | . . Corruption Blocked . | . . Overload Shots . | . . Overflow Damage 95 | . 95 Projectiles . | . . Explosions 56 | . 56 Melee 39 | . 39 Knockbacks . | . . Impact . | . . Kinetic . | . . Secondary . | . . Self-Inflicted Damage 118 | . 118 Shots 4 | . 4 Rammed . | . . Targets Rammed . | . . Kicked . | . . Crushed . | . . Highest Temperature 198 | . 198 Average Temperature 58 | . 58 Received Heat Transfer 249 | . 249 Siege Activations . | . . Martial Activations . | . . Shielding Activations . | . . Robots Disrupted . | . . Combat Hostiles . | . . Robots Corrupted 1 | . 1 Combat Hostiles 1 | . 1 Parts Fried 1 | . 1 Impact Corruptions 2 | . 2 Robots Melted . | . . Combat Hostiles . | . . Parts Melted 1 | . 1 Heat Transferred 650 | . 650 Parts Sabotaged . | . . Parts Stolen . | . . Parts Stripped . | . . Power Chain Reactions . | . . Alert | -11 -10 ------- Run | Yrd Mat Maximum Alert Level 1 | . 1 Low Security (%) 25 | 100 13 Level 1 74 | . 86 Level 2 . | . . Level 3 . | . . Level 4 . | . . Level 5 . | . . High Security . | . . Max Security . | . . Peak Influence 392 | . 392 Initial . | . . Average 245 | . 285 Influence Increases 599 | . 599 Destroy 0b10 Robot/C 380 | . 380 Destroy 0b10 Robot/NC 65 | . 65 Destroy Leader 76 | . 76 Disable Machine 15 | . 15 Destroy Structure 48 | . 48 Lose Combat Pursuer 15 | . 15 Influence Decreases 330 | . 330 Time Decay 290 | . 290 Lost Part 40 | . 40 Squads Dispatched 4 | . 4 Investigation 4 | . 4 Extermination . | . . Reinforcement . | . . Assault . | . . Garrison . | . . Intercept . | . . Searches Triggered . | . . Construction Impeded . | . . Haulers Reinforced . | . . Active Scanning Responses . | . . Cargo Convoy Interrupts . | . . Stealth | -11 -10 --------- Run | Yrd Mat Distress Signals 2 | . 2 Communications Jammed . | . . Distress Signals . | . . Times Spotted 26 | . 26 Peak Tracking Total 9 | . 9 Tactical Retreats 1 | . 1 Traps | -11 -10 ------- Run | Yrd Mat Traps Triggered 4 | . 4 Indirectly . | . . Trap Hack Attempts . | . . Triggered . | . . Disarmed . | . . Reprogrammed . | . . Reused . | . . Traps Extracted . | . . Installed . | . . Triggered . | . . Machines | -11 -10 ---------- Run | Yrd Mat Machines Disabled 1 | . 1 Max in Single Turn 1 | . 1 Machines Repaired . | . . Machines Dismantled . | . . Machines Sabotaged . | . . Overloaded Fab Kills . | . . Hacking | -11 -10 --------- Run | Yrd Mat Machines Accessed 2 | . 2 Terminals . | . . Fabricators . | . . Repair Stations . | . . Recycling Units 2 | . 2 Scanalyzers . | . . Garrison Access . | . . Total Hacks 4 | . 4 Successful 2 | . 2 Failed 2 | . 2 Catastrophic 1 | . 1 Database Lockouts . | . . Manual . | . . Terminals . | . . Fabricators . | . . Repair Stations . | . . Recycling Units 4 | . 4 Scanalyzers . | . . Garrison Access . | . . Terminal Hacks . | . . Fabricator Hacks . | . . Repair Station Hacks . | . . Recycling Unit Hacks 2 | . 2 Retrieve Matter 2 | . 2 Scanalyzer . | . . Garrison Access Hacks . | . . Unauthorized Hacks . | . . Terminals . | . . Fabricators . | . . Repair Stations . | . . Recycling Units . | . . Scanalyzers . | . . Garrison Access . | . . Data Cores Recovered . | . . Used . | . . Hacking Detections 1 | . 1 Full Trace Events 1 | . 1 Feedback Events . | . . Feedback Blocked . | . . Robot Schematics Acquired . | . . Robots Built . | . . Authchips . | . . Time . | . . Total Robot Build Rating . | . . Part Schematics Acquired . | . . Parts Built . | . . Authchips . | . . Time . | . . Total Part Build Rating . | . . Parts Repaired . | . . Time . | . . Parts Recycled . | . . Recycled Matter . | . . Retrieved Matter . | . . Retrieved Components . | . . Parts Scanalyzed . | . . Part Schematics Acquired . | . . Parts Damaged . | . . Bothacking | -11 -10 ------------ Run | Yrd Mat Used RIF Installer . | . . Robots Hacked 1 | . 1 Non-combat 1 | . 1 Combat . | . . Robot Hacks Applied 1 | . 1 no_distress 1 | . 1 Relay Couplers Released . | . . Fabnet Peak Effective % . | . . Robots Rewired . | . . Allies Hacked . | . . Hacks Repelled . | . . Allies | -11 -10 -------- Run | Yrd Mat Total Allies . | . . Largest Group . | . . Highest-Rated Group . | . . Highest-Rated Ally . | . . Total Orders . | . . Ally Attacks . | . . Total Damage . | . . Kills . | . . Allies Corrupted . | . . Allies Melted . | . . Intel | -11 -10 ------- Run | Yrd Mat Active Infowar (turns) . | . . Robot Analysis Total . | . . Derelict Logs Recovered . | . . Drone Launches . | . . Drone Recoveries . | . . Exploration | -11 -10 ------------- Run | Yrd Mat Turns Passed 794 | 112 682 Spaces Moved 522 | 88 434 Core 5 | 5 . Treads 23 | 23 . Legs . | . . Wheels 494 | 60 434 Hover . | . . Flight . | . . Fastest Speed 50 | 50 100 Average Speed 111 | 114 111 Slowest Speed 200 | 200 140 Overloaded Moves . | . . Propulsion Burnouts . | . . Robots Hopped . | . . Potential Cave-ins 3 | . 3 Cave-ins Triggered . | . . Exploration Rate (%) 30 | 4 57 Regions Visited 1 Branch Regions . Pre-discovered Areas . | . . Known Exits Taken . | . . Unknown Exits Taken 1 | 1 . Scrap Searched . | . . Spaces Dug . | . . Terrain Destroyed 66 | . 66 Melee . | . . Projectile . | . . AOE 66 | . 66 Terrain Rammed . | . . Walls Destroyed . | . . Machines Disabled . | . . Actions | -11 -10 --------- Run | Yrd Mat Total 638 | 98 540 Wait 10 | . 10 Move 521 | 87 434 Hop . | . . Pick Up 19 | 1 18 Fast Attach 14 | 6 8 Attach 2 | . 2 Detach 4 | 2 2 Swap 8 | . 8 Drop 6 | 2 4 Fire 47 | . 47 Melee 7 | . 7 Ram . | . . Kick . | . . Crush . | . . Escape Stasis . | . . Rewire . | . . Trap . | . . Miscellaneous . | . . Route ------- -11/Scrapyard -10/Materials (discovered 2 exits: [*Mat x2]) History --------- Turn | Location | Event 7 | -11/Scrapyard | Discovered new exit (range 16) 113 | -11/Scrapyard | Entered Materials 184 | -10/Materials | Discovered new exit (range 13) 278 | -10/Materials | Core integrity fell below 50% 306 | -10/Materials | Build established: Mutant 582 | -10/Materials | Discovered new exit (range 3) 726 | -10/Materials | Core integrity fell below 20% 795 | -10/Materials | Destroyed by G-34 Mercenary with Small Laser Last Messages --------------- 00703_ Destroyed Heat Sink. 00703_ G-34 Mercenary system corrupted by crushing effect. 00708_ G-34 Mercenary misfires. 00708_ G-34 Mercenary suffers critical hit (Smash). 00708_ Destroyed Aluminum Leg. 00708_ G-34 Mercenary system corrupted by crushing effect. 00709_ G-34 Mercenary system terminally corrupted. 00709_ Ion Engine fried. 00714_ Com. Wheel destroyed. 00717_ Acquired 36 matter. 00736_ G-34 Mercenary destroyed. 00740_ Acquired 32 matter. 00746_ G-34 Mercenary destroyed. 00758_ Acquired 38 matter. 00783_ Lgt. Ion Engine destroyed. 00785_ Com. Wheel destroyed. 00791_ Acquired Lgt. Ion Engine. 00794_ Wheel destroyed. Map ----- +----------------------------------------------------+ | | | | | | | | | | | | | | | | | | | | | | | | | | | | | | | | | | | | | ??????????????????????????????????????????? | | ??????????????????????????????????????????? | | ???????????????######???######????????????? | | ??????????###### ##### #????????????? | | ??????????# g #????????????? | | ??????????# g #????????????? | | ???????#########! ##### #????????????? | | ??###### ####### @##???## ##????????????? | | # + ! #?????# #????????###### | | # ## ! ! #?????# #????##### ! | | # """ ## | """ #?????# #????# # = | | # """ ## """t ##???## ##???# < # """ | | # """ # """ #???# #???# # """ | | # """ +[ #???# #???# + """ | | ? """ # = #???# #???# # | | ??? #! #???# #???# # | | ???? ###########+#####?## ##???# # | | ???? !??????# ! ! #??# #????# ###### | | ???? ??????# ! #??# ###### #????? | | ???? ??????# #??# #????? | | ????##??????# #??# +????? | | ????????????# #??#+####### #????? | | ????????????# """ """ #??????????# #????? | | ????????????# """ """ #??????????# #????? | | ????????????# """ """ #??????????# #????? | | ????????????###########??????????# #????? | | ?????????????????????????????????# #????? | | ?????????????????????????????????# #????? | | ?????????????????????????????????# ????? | | ?????????????????????????????????# ????? | | ?????????????????????????????????? ???? | | ?????????????????????????????????? ####???? | +----------------------------------------------------+ Best States ------------- Heat Dissipation 25 Energy Generation 10 Energy Capacity 250 Matter Stores 300 Matter Capacity 300 Sight Range 16 Terrain Scan Density 10 Propulsion Shielding 33 Evasion (%) 40 Recoil Reduction 2 Item Schematics ----------------- None Robot Schematics ------------------ None Fabricated ------------ Nothing Repaired ---------- Nothing Alien Tech Used ----------------- None Achievements -------------- None Challenges ------------ None Game ------ Seed RocketOvertunedFirepult Manual? 0 Play Time 00:08:21 Cumulative 24.8 hours Start 2025.10.10 @ 23:08:58 End 2025.10.10 @ 23:17:32 Sessions 1 Manual Loads 0 Difficulty Rogue Special Mode None Game No. 89 Rogue 89 Adventurer 0 Explorer 0 Win Type - Total 0 Types 0/0/0/0/0/0/0/0/0/0 Lore% 10 Gallery% 27 Achievement% 25 Wizard Run 0 Options --------- Layout 1 ASCII 0 Keyboard 1 Movement Vi Keybinds 0 Fullscreen 1 Font 16/SmallcapsGlow Map View 55x38 Zoom Use 0% Tactical HUD 1 Map Filters NONE Filters NONE Steam 1 RUN: 7b76a023-2374-479e-b403-1c899ec9be11